 Dungeon Crawl Stone Soup version 0.30-b1-2-g02819fbbbe (webtiles) character file.

Game seed: 7809102786864434527

1170 suse60 the Cudgeller (level 8, -2/78 HPs)
             Began as a Troll Gladiator on Nov 27, 2023.
             Slain by a gnoll sergeant
             ... wielding a +0 spear
              (9 damage)
             ... on level 6 of the Dungeon.
             The game lasted 00:22:21 (5020 turns).

suse60 the Cudgeller (Troll Gladiator)              Turns: 5020, Time: 00:22:21

Health: -2/78      AC:  4    Str: 25    XL:     8   Next: 17%
Magic:  7/7        EV: 16    Int:  4    God:
Gold:   342        SH:  0    Dex: 11    Spells: 7/7 levels left

rFire   . . .        a - +0 flail
rCold   + . .        (no shield)
rNeg    . . .        b - +0 robe
rPois   .            c - +0 hat
rElec   .            (no cloak)
rCorr   .            (gloves unavailable)
SInv    .            (boots unavailable)
Will    .....        (no amulet)
Stlth   +            l - ring of protection from cold
HPRegen 1.13/turn    d - +5 ring of evasion
MPRegen 0.10/turn

%: no passive effects
@: no status effects
A: large, unfitting armour, claws 3, regeneration 1, shaggy fur 1, tough skin 1
a: no special abilities


You were on level 6 of the Dungeon.
You visited 1 branch of the dungeon, and saw 6 of its levels.

You collected 342 gold pieces.

Inventory:

Hand Weapons
 a - a +0 flail (weapon)
Missiles
 e - a large rock
 j - 4 boomerangs (quivered)
Armour
 b - a +0 robe (worn)
 c - a +0 hat (worn)
Jewellery
 d - a +5 ring of evasion (right claw)
 l - a ring of protection from cold (left claw)
 m - a ring of poison resistance
 o - a ring of see invisible
 q - a ring of willpower
Wands
 t - a wand of paralysis (6)
Scrolls
 i - a scroll of magic mapping
 v - 2 scrolls of blinking
Potions
 f - 2 potions of lignification {unknown}
 g - 3 potions of haste
 h - a potion of brilliance {unknown}
 k - a potion of invisibility
 n - a potion of flight {unknown}
 p - a potion of magic {unknown}
 r - a potion of might {unknown}
 s - a potion of curing {unknown}
 u - a potion of degeneration {unknown}
 w - a potion of berserk rage {unknown}


   Skills:
 + Level 4.3 Fighting
 + Level 5.2 Maces & Flails
 + Level 4.7 Throwing
 + Level 4.6 Dodging


You had 7 spell levels left.
You didn't know any spells.
Your spell library contained the following spells:

 Spells                   Type           Power      Damage    Failure   Level
 Sandblast                Erth           0%         2d4       50%         1
 Passwall                 Tmut/Erth      0%         N/A       65%         2
 Gell's Gravitas          Tloc           0%         N/A       86%         3
 Stone Arrow              Conj/Erth      0%         3d7       86%         3
 Teleport Other           Tloc           0%         N/A       86%         3
 Dispersal                Tloc           0%         N/A       100%        6


Dungeon Overview and Level Annotations

Branches:
Dungeon (6/15)
 Temple: D:4-7

Altars:
Xom
Zin

Shops:
D:1 *   D:2 :

Annotations:
D:5 2 transporters, bananaglory's ghost, novice TeAE


Innate Abilities, Weirdness & Mutations

You are too large for most types of armour.
You have claws for hands.
Your natural rate of healing is unusually fast.
You are covered in fur. (AC +1)
You have tough skin. (AC +1)


Message History

The adder is moderately wounded.
The adder closely misses you.
You miss the adder.
The adder is moderately wounded.
The adder closely misses you. The adder bites you.
You are poisoned.
The adder poisons you!
You sock the adder!
You kill the adder!
You feel sick.
You sock the ogre!
The ogre is moderately wounded.
You feel sick. The ogre barely misses you.
You thump the ogre!
The ogre is severely wounded.
You feel sick. The gnoll sergeant barely misses you.
The ogre hits you with a +0 giant club!!
Something shouts, "Return whence thou came, thou venomed fob-snatching lewdster!"
You barely miss the ogre.
The ogre is severely wounded.
You feel sick. The gnoll sergeant barely misses you.
The ogre hits you with a +0 giant club!!
The gnoll sergeant hits you from afar with a +0 spear.
You feel sick.
You are no longer poisoned.
A white imp comes into view.
The orc wizard casts a spell.
The orc wizard flickers and vanishes!
Deactivating autopickup; reactivate with Ctrl-A.
Throw: 4 boomerangs
Press: ? - help, Q - select action, (/) - cycle Shift-Dir - straight line, f - ogre
Aim: an ogre, wielding a +0 giant club (severely wounded, 75% to hit)
You throw a boomerang. The boomerang hits the ogre.
The ogre is almost dead.
You barely miss the ogre.
The ogre is almost dead.
The ogre hits you with a +0 giant club!!!
* * * LOW HITPOINT WARNING * * *
The gnoll sergeant hits you from afar with a +0 spear!
You die...

.........# #.###).#.
#........# #.# .#.#
#........# #l###.5#.#
#........# #l...##.
.# #........# #..#.#
#. .# #........#
#5...# .. #
#........#
#g###...#.#
.#........# #O## #.#
......).>## #@.# #
.#######.# #........
#######.#####.#.###.#
.........[......#
#######.#####.#.# #.#
#.# . #.# #.# # #.#
#.# #.#


You could see an ogre, a gnoll sergeant, 2 iguanas and a white imp.

Vanquished Creatures
  2 sky beasts
  2 black bears (D:5)
  An ogre (D:5)
  A centaur (D:6)
  A scorpion (D:6)
  3 hounds
  A sleepcap (D:6)
  4 iguanas
  8 gnolls
  14 adders
  A shadow imp (D:6)
  An ufetubus (D:4)
  4 worms
  A dart slug (D:1)
  2 orcs (D:6)
  6 endoplasms
  2 giant cockroaches
  27 goblins
  24 hobgoblins
  7 quokkas
  13 ball pythons
  A bat (D:3)
  5 frilled lizards
  6 kobolds
  2 rats
139 creatures vanquished.

Vanquished Creatures (collateral kills)
  A gnoll (D:3)
  A hobgoblin (D:3)
  A kobold (D:3)
3 creatures vanquished.

Grand Total: 142 creatures vanquished

Notes
Turn   | Place    | Note
-------+----------+-------------------------------------------
     0 | D:1      | suse60 the Troll Gladiator began the quest for the Orb.
     0 | D:1      | Reached XP level 1. HP: 19/19 MP: 0/0
   257 | D:1      | Reached XP level 2. HP: 28/28 MP: 1/1
   275 | D:1      | Found Ixujusyr's Assorted Antiques.
   545 | D:2      | Reached skill level 3 in Maces & Flails
   580 | D:2      | Found Bocurynn's Vocational Training.
   623 | D:2      | Reached XP level 3. HP: 32/35 MP: 2/2
  1541 | D:3      | Found a shimmering altar of Xom.
  1555 | D:3      | Reached XP level 4. HP: 42/42 MP: 3/3
  1877 | D:3      | Reached XP level 5. HP: 50/50 MP: 4/4
  2435 | D:3      | Reached XP level 6. HP: 59/59 MP: 5/5
  2544 | D:3      | Found a faded altar of an unknown god.
  3051 | D:4      | Noticed a sky beast
  3064 | D:4      | Killed a sky beast
  3065 | D:4      | Reached skill level 4 in Maces & Flails
  3929 | D:5      | Entered Level 5 of the Dungeon
  3950 | D:5      | Noticed bananaglory's ghost (novice TeAE)
  4008 | D:5      | Found a transporter.
  4008 | D:5      | Noticed a sky beast
  4023 | D:5      | Killed a sky beast
  4024 | D:5      | Reached XP level 7. HP: 34/67 MP: 6/6
  4064 | D:5      | Found a transporter.
  4374 | D:5      | Found a glowing silver altar of Zin.
  4809 | D:6      | Reached skill level 5 in Maces & Flails
  4809 | D:6      | Reached XP level 8. HP: 63/78 MP: 7/7
  5020 | D:6      | Slain by a gnoll sergeant

Illustrated notes

Levels and vault maps discovered:
D:1:      minmay_arrival_split_and_join, layout_basic, serial_shops,
          nicolae_shop_crystal, solitary_fountain
D:2:      layout_loops_ring, grunt_decor_clamped, minivault_27,
          hangedman_decor_growths, minmay_misc_feat_doors,
          nicolae_shop_vocational
D:3:      minmay_goblin_kobold_castle, layout_loops_ring,
          mainiacjoe_overflow_cross_hatched,
          hellmonk_ecumenical_altar_leap_of_faith, minmay_snake_closets
D:4:      layout_gridville
D:5:      layout_gridville, lemuel_coloured_pillars_altar,
          gammafunk_ghost_stat_death
D:6:      layout_basic, minmay_starry_boxes

Skill      XL: |  1  2  3  4  5  6  7 |
---------------+----------------------+-----
Throwing       | 2 3 4 |  4.7
Maces & Flails | 3 4 5 |  5.2
Fighting       | 2 3 4 |  4.3
Dodging        | 3 4 |  4.6

Action                     |  1- 3 |  4- 6 |  7- 9 || total
---------------------------+-------+-------+-------++-------
  Melee: Flail             |   123 |   314 |   119 ||   556
         Punch             |       |     1 |     2 ||     3
  Throw: Throwing net      |       |       |     5 ||     5
         Large rock        |       |       |     1 ||     1
         Boomerang         |       |       |     1 ||     1
  Evoke: Wand              |       |       |     1 ||     1
    Use: Scroll            |     7 |     5 |     1 ||    13
         Potion            |       |     1 |       ||     1
   Stab: Sleeping          |       |     2 |       ||     2
         Paralysed         |       |       |     1 ||     1
 Armour: Robe              |    45 |    95 |    25 ||   165
  Dodge: Dodged            |    61 |   175 |    96 ||   332
